 Dungeon Crawl Stone Soup version 0.24.0-13-gcf9b319 (webtiles) character file.

Game seed: 16853206349136389164, levelgen mode: deterministic

7 Bronimir the Vexing (level 1, 0/10 HPs)
             Began as a Vampire Enchanter on Mar 10, 2020.
             Slain by an adder (2 damage)
             ... on level 2 of the Dungeon.
             The game lasted 00:01:53 (643 turns).

Bronimir the Vexing (Vampire Enchanter)              Turns: 643, Time: 00:01:53

Health: 0/10       AC:  3    Str:  7    XL:     1   Next: 91%
Magic:  2/3        EV: 12    Int: 17    God:
Gold:   58         SH:  0    Dex: 14    Spells: 3/4 levels left

rFire    . . .     SeeInvis +   a - +1 dagger
rCold    + + .     Gourm    .   (no shield)
rNeg     + + +     Faith    .   e - +0 leather armour
rPois    ∞         Spirit   .   (no helmet)
rElec    .         Reflect  .   (no cloak)
rCorr    .         Harm     .   (no gloves)
MR       .....                  (no boots)
Stlth    +++++.....             (no amulet)
HPRegen  0.00/turn              (no ring)
MPRegen  0.08/turn              (no ring)

@: bloodless, regenerating quickly
A: no food, fangs 3, see invisible, unbreathing
a: Revivify


You were on level 2 of the Dungeon.
You were bloodless.

You visited 1 branch of the dungeon, and saw 2 of its levels.

You collected 58 gold pieces.

Inventory:

Hand Weapons
 a - a +1 dagger (weapon)
Missiles
 c - 15 arrows
 g - 17 stones (quivered)
 h - 19 sling bullets
Armour
 b - a +0 robe
 e - a +0 leather armour (worn)
Scrolls
 d - a scroll of identify {unknown}
 f - a scroll of immolation {unknown}


   Skills:
 * Level 1.1 Short Blades
 + Level 0.2 Armour
 + Level 2.1 Dodging
 * Level 4.6 Stealth
 + Level 2.1 Spellcasting
 * Level 4.7 Hexes


You had 3 spell levels left.
You knew the following spells:

 Your Spells              Type           Power        Failure   Level  Hunger
a - Corona                Hex            ###....      4%          1    N/A

Your spell library contained the following spells:

 Spells                   Type           Power        Failure   Level  Hunger
 Confuse                  Hex            ###.....     12%         3    N/A
 Tukima's Dance           Hex            ###.....     12%         3    N/A
 Ensorcelled Hibernation  Hex/Ice        #.....       16%         2    N/A
 Dazzling Spray           Conj/Hex       #.....       32%         3    N/A

Dungeon Overview and Level Annotations

Branches:
Dungeon (2/15)

Altars:


Innate Abilities, Weirdness & Mutations

You do not eat.
You do not regenerate when monsters are visible.
You are frail without blood (-20% HP).
You can heal yourself when you bite living creatures.
You are immune to poison.
You have razor-sharp teeth.
You have supernaturally acute eyesight. (SInv)
You can survive without breathing.


Message History

You closely miss the adder. The adder bites you but does no damage.
You hit the adder.
The adder is moderately wounded.
The adder closely misses you.
A rat comes into view.
The goblin closely misses you.
You barely miss the adder.
The adder is moderately wounded.
The adder bites you.
* * * LOW HITPOINT WARNING * * *
The adder bites you but does no damage. The goblin hits you but does no damage.
The adder bites you but does no damage.
A quokka comes into view.
The goblin barely misses you. The adder bites you but does no damage.
There is a stone staircase leading up here.
The giant cockroach bites you.
* * * LOW HITPOINT WARNING * * *
The adder bites you.
You die...

.....##...###.#
#.#..........##
#..............
#.#......w.....#
#.........r..#
###...##.r...#
#.. #...g.# ...
####Ss# ###
#####.@#
#......#
#.###..#
#.#....#
#.#.#.## #
#.....#
#.####.#.#
...#.#.#
########.#)#.#


You could see an adder, a dart slug, a quokka (wandering), a giant cockroach, a
goblin and a rat.

Vanquished Creatures
  2 giant cockroaches (D:1)
  A goblin (D:2)
  A hobgoblin (D:2)
  2 bats (D:1)
  A rat (D:1)
7 creatures vanquished.

Notes
Turn   | Place    | Note
-------+----------+-------------------------------------------
     0 | D:1      | Bronimir the Vampire Enchanter began the quest for the Orb.
     0 | D:1      | Reached XP level 1. HP: 13/13 MP: 3/3
   500 | D:1      | You fall into a shaft and drop 1 floor!
   643 | D:2      | Slain by an adder

Levels and vault maps discovered:
D:1:      ncdulo_lavacross, layout_rooms, bh_walls_and_bars
D:2:      layout_loops_ring, lemuel_crystal_altar,
          nicolae_overflow_crystal_walls, lemuel_round_altar,
          wander_ebering_terrifying_dragon_lair

Action                   || total
-------------------------++-------
Melee: Dagger            ||    25
 Cast: Corona            ||     6
 Abil: Exsanguinate      ||     1
 Stab: Sleeping          ||     3
Armor: Leather armour    ||     7
Dodge: Dodged            ||    18
